 Dungeon Crawl Stone Soup version 0.23-a0-494-g91793a9 (webtiles) character file.

892 Leeroy the Charmwright (level 8, -5/63 HPs)
             Began as a Gnoll Skald on Dec 3, 2018.
             Was a Believer of Okawaru.
             Slain by a two-headed ogre
             ... wielding a +0 dire flail
              (23 damage)
             ... on level 5 of the Dungeon.
             The game lasted 00:20:49 (4137 turns).

Leeroy the Charmwright (Gnoll Skald)                Turns: 4137, Time: 00:20:50

Health: -5/63      AC: 10    Str: 16    XL:     8   Next: 6%
Magic:  16/16      EV: 14    Int: 15    God:    Okawaru [**....]
Gold:   217        SH:  0    Dex: 15    Spells: 5/18 levels left

rFire    . . .     SeeInvis .   U - +2 mace (protect)
rCold    . . .     Gourm    .   (no shield)
rNeg     . . .     Faith    .   E - +0 ring mail
rPois    .         Spirit   .   (no helmet)
rElec    .         Reflect  .   (no cloak)
rCorr    .         Harm     .   J - +2 pair of gloves
MR       .....                  z - +0 pair of boots
Stlth    ++........             (no amulet)
HPRegen  0.20/turn              (no ring)
MPRegen  0.15/turn              (no ring)

@: no status effects
A: distributed training, fangs 1, strong nose
a: Heroism, Renounce Religion


You were on level 5 of the Dungeon.
You worshipped Okawaru.
Okawaru was pleased with you.
You were not hungry.

You visited 1 branch of the dungeon, and saw 5 of its levels.

You collected 217 gold pieces.

Inventory:

Hand Weapons
 a - a +0 falchion
 h - a +2 whip of venom
 o - a +0 spear
 p - a +0 hand axe
 u - a +0 short sword
 x - a +0 war axe
 y - a +0 falchion
 C - a +0 hunting sling
 F - a +3 dagger of electrocution
 L - a +0 falchion
 N - a +0 flail
 O - a +0 trident
 P - a +0 shortbow
 S - a +0 war axe
 U - a +2 mace of protection (weapon)
 V - a +0 rapier
Missiles
 f - 125 stones (quivered)
 r - 39 sling bullets
 t - 36 arrows
 A - 49 bolts
 H - 3 javelins
 T - 4 tomahawks
Armour
 b - a +0 leather armour
 j - a +0 buckler
 z - a +0 pair of boots (worn)
 E - a +0 ring mail (worn)
 J - a +2 pair of gloves (worn)
Jewellery
 e - an uncursed amulet of rage {unknown}
 n - a +2 ring of strength {unknown}
Wands
 w - a wand of iceblast (5)
Scrolls
 g - 3 scrolls of remove curse {unknown}
 k - 6 scrolls of identify
 m - a scroll of blinking {unknown}
 s - a scroll of noise {unknown}
 v - a scroll of random uselessness {unknown}
 B - a scroll of fog {unknown}
 D - 3 scrolls of teleportation {unknown}
 I - a scroll of fear {unknown}
 K - a scroll of enchant armour {unknown}
Potions
 c - 2 potions of heal wounds
 i - 3 potions of degeneration {unknown}
 l - 2 potions of curing {unknown}
 q - a potion of haste {unknown}
 G - 3 potions of flight
 M - a potion of brilliance {unknown}
 Q - a potion of might {unknown}
Comestibles
 d - 12 rations
 R - 11 chunks of flesh


   Skills:
 + Level 5.4 Fighting
 + Level 2.8 Short Blades
 + Level 5.4 Long Blades
 + Level 2.8 Axes
 + Level 2.8 Maces & Flails
 + Level 2.8 Polearms
 + Level 2.8 Staves
 + Level 2.8 Slings
 + Level 2.8 Bows
 + Level 2.8 Crossbows
 + Level 2.8 Throwing
 + Level 3.9 Armour
 + Level 5.4 Dodging
 + Level 2.8 Stealth
 + Level 2.8 Shields
 + Level 2.8 Unarmed Combat
 + Level 5.8 Spellcasting
 + Level 2.3 Conjurations
 + Level 2.3 Hexes
 + Level 6.0 Charms
 + Level 2.3 Summonings
 + Level 2.3 Necromancy
 + Level 2.3 Translocations
 + Level 2.3 Transmutations
 + Level 2.3 Fire Magic
 + Level 2.3 Ice Magic
 + Level 2.3 Air Magic
 + Level 2.3 Earth Magic
 + Level 2.3 Poison Magic
 + Level 3.1 Invocations
 + Level 2.8 Evocations


You had 5 spell levels left.
You knew the following spells:

 Your Spells              Type           Power        Failure   Level  Hunger
a - Infusion              Chrm           ###.         2%          1    None
b - Song of Slaying       Chrm           ###.....     3%          2    #......
c - Shroud of Golubria    Chrm/Tloc      ###.......   8%          2    #......
d - Regeneration          Chrm/Necr      ###.......   14%         3    ###....
e - Spectral Weapon       Hex/Chrm       ###.....     14%         3    ###....
f - Sticks to Snakes      Tmut           ##......     16%         2    #......

Your spell library contained the following spells:

 Spells                   Type           Power        Failure   Level  Hunger
 Beastly Appendage        Tmut           ##....       11%         1    None
 Spider Form              Tmut/Pois      ##........   30%         3    ###....
 Ice Form                 Ice/Tmut       ##......     71%         4    ####...
 Blade Hands              Tmut           ##........   96%         5    ######.


Dungeon Overview and Level Annotations

Branches:
Dungeon (5/15)
 Temple: D:4-7

Altars:
Dithmenos
Fedhas
Gozag
Kikubaaqudgha
Makhleb
Okawaru
Uskayaw
Xom
Zin

Shops:
D:4 %([?


Innate Abilities, Weirdness & Mutations

Your experience applies equally to all skills.
You have very sharp teeth.
Your uncanny sense of smell can sniff out nearby items.


Message History

You are no longer corroded.
You thump the jelly!
Your weapon exudes an aura of protection.
You kill the jelly!
Okawaru accepts your kill.
Your Charms skill increases to level 6!
Unknown command.
You see here a club.
You see here a rapier.
V - a rapier A two-headed ogre comes into view.
It is wielding a +0 dire flail and a +0 The two-headed ogre shouts in stereo!
You hear a shout!
The two-headed ogre moves out of view.
Found a scimitar and a scroll of amnesia.
A crimson imp comes into view.
Found a scale mail, a torn book, a potion of flight and 15 gold pieces.
The two-headed ogre hits you with a +0 dire flail!
* * * LOW HITPOINT WARNING * * *
The two-headed ogre hits you with a +0 giant spiked club!!
You die...

#####..#..#..#####
#).....#..#......#####
#......#..#......#....
#..#####..#####..####.
#......#..#......# ##
#......#..#......#
#####.[#..#..#####
#$.∆#..#..#..#...#
#!:[#@.#..#.)#.8.#
#?.)O..#..#.÷'...#
########..#########
###......###.....#
#.........##.....##
#......##.........#
#.._...#####.#.##.#
#......# #.#.##.###
#......# #....<...#


You could see a two-headed ogre.

Vanquished Creatures
  A sky beast (D:5)
  A centaur (D:5)
  4 ogres (D:5)
  A crimson imp (D:5)
  A jelly (D:5)
  A hound (D:4)
  3 orc wizards (D:4)
  An iguana (D:4)
  2 worker ants
  A hound zombie (D:5)
  4 adders
  A shadow imp (D:5)
  2 worms
  2 leopard geckos (D:3)
  24 orcs
  5 giant cockroaches
  5 goblins
  2 hobgoblins (D:1)
  5 jackals
  9 kobolds
  A quokka (D:4)
  5 bats (D:1)
  6 frilled lizards
  A jackal skeleton (D:5)
  A jackal zombie (D:5)
  A quokka zombie (D:5)
  6 rats
  A plant (D:1)
97 creatures vanquished.

Vanquished Creatures (collateral kills)
  A worm (D:5)
1 creature vanquished.

Vanquished Creatures (others)
  A spectral weapon (D:3)
1 creature vanquished.

Grand Total: 99 creatures vanquished

Notes
Turn   | Place    | Note
-------+----------+-------------------------------------------
     0 | D:1      | Leeroy the Gnoll Skald began the quest for the Orb.
     0 | D:1      | Reached XP level 1. HP: 20/20 MP: 6/6
   117 | D:1      | Reached XP level 2. HP: 10/26 MP: 7/7
   132 | D:1      | Learned a level 2 spell: Song of Slaying
   135 | D:1      | Learned a level 2 spell: Shroud of Golubria
  1079 | D:2      | Reached XP level 3. HP: 27/31 MP: 9/9
  1089 | D:2      | Learned a level 3 spell: Regeneration
  1093 | D:2      | Learned a level 3 spell: Spectral Weapon
  1116 | D:2      | Reached skill level 5 in Spellcasting
  1156 | D:2      | Reached skill level 1 in Invocations
  1234 | D:2      | You fall through a shaft!
  1255 | D:3      | Found an iron altar of Okawaru.
  1272 | D:3      | Became a worshipper of Warmaster Okawaru
  1366 | D:3      | Reached skill level 1 in Short Blades
  1366 | D:3      | Reached skill level 1 in Axes
  1366 | D:3      | Reached skill level 1 in Maces & Flails
  1366 | D:3      | Reached skill level 1 in Polearms
  1366 | D:3      | Reached skill level 1 in Staves
  1366 | D:3      | Reached skill level 1 in Slings
  1366 | D:3      | Reached skill level 1 in Bows
  1366 | D:3      | Reached skill level 1 in Crossbows
  1366 | D:3      | Reached skill level 1 in Throwing
  1366 | D:3      | Reached skill level 1 in Stealth
  1366 | D:3      | Reached skill level 1 in Shields
  1366 | D:3      | Reached skill level 1 in Unarmed Combat
  1366 | D:3      | Reached skill level 1 in Evocations
  1397 | D:3      | Reached XP level 4. HP: 31/38 MP: 4/11
  1701 | D:3      | Learned a level 2 spell: Sticks to Snakes
  2250 | D:3      | Reached skill level 1 in Conjurations
  2250 | D:3      | Reached skill level 1 in Hexes
  2250 | D:3      | Reached skill level 1 in Summonings
  2250 | D:3      | Reached skill level 1 in Necromancy
  2250 | D:3      | Reached skill level 1 in Translocations
  2250 | D:3      | Reached skill level 1 in Transmutations
  2250 | D:3      | Reached skill level 1 in Fire Magic
  2250 | D:3      | Reached skill level 1 in Ice Magic
  2250 | D:3      | Reached skill level 1 in Air Magic
  2250 | D:3      | Reached skill level 1 in Earth Magic
  2250 | D:3      | Reached skill level 1 in Poison Magic
  2474 | D:3      | Found a faded altar of an unknown god.
  2474 | D:3      | Found a burning altar of Makhleb.
  2481 | D:3      | Found a shimmering altar of Xom.
  2486 | D:3      | Found an ancient bone altar of Kikubaaqudgha.
  2487 | D:3      | Found a glowing silver altar of Zin.
  2662 | D:4      | Reached XP level 5. HP: 43/43 MP: 12/12
  2796 | D:4      | Found Doili's Food Shoppe.
  2816 | D:4      | Found Rilysicu's Armour Emporium.
  2886 | D:4      | Found Difiomm's Antique Weapon Shoppe.
  2971 | D:4      | Reached * piety under Okawaru
  2971 | D:4      | Reached XP level 6. HP: 25/50 MP: 13/13
  3024 | D:4      | Found Lituply's Magic Scroll Boutique.
  3445 | D:4      | Found a blossoming altar of Fedhas.
  3610 | D:5      | Entered Level 5 of the Dungeon
  3642 | D:5      | Found a hide-covered altar of Uskayaw.
  3650 | D:5      | Found a shadowy altar of Dithmenos.
  3691 | D:5      | Reached skill level 5 in Fighting
  3691 | D:5      | Reached skill level 5 in Long Blades
  3691 | D:5      | Reached skill level 5 in Dodging
  3842 | D:5      | Found an opulent altar of Gozag.
  3913 | D:5      | Noticed a sky beast
  3914 | D:5      | Reached XP level 7. HP: 53/56 MP: 15/15
  3969 | D:5      | Reached ** piety under Okawaru
  3986 | D:5      | Reached XP level 8. HP: 23/63 MP: 1/16
  4096 | D:5      | Reached skill level 6 in Charms
  4135 | D:5      | Noticed a two-headed ogre
  4137 | D:5      | Slain by a two-headed ogre

Vault maps used:
D:1:      scummos_arrival_star, serial_forest, infiniplex_forest_diagonal,
          infiniplex_forest_lined_room_2, infiniplex_forest_clump_small,
          infiniplex_forest_clump_double, infiniplex_forest_clump_diagonal,
          infiniplex_forest_clump_cross, infiniplex_forest_straight_3,
          minmay_misc_feat_hallway, minmay_misc_feat_enclosed
D:2:      old_standard_altar, uniq_jessica, uniq_terence
D:3:      chequers_temple_overflow_minitemple, first_ration,
          corexii_corridor_pit, kennysheep_okawaru_gauntlet
D:4:      serial_shops, nicolae_shop_stone, shop, nicolae_shop_window_shopping,
          shop, fedhas_altar_fruit_tree
D:5:      kennysheep_windowed_halls, kennysheep_little_box,
          grunt_temple_overflow_open, basic_altar

Skill      XL: |  1  2  3  4  5  6  7  8 |
---------------+-------------------------+-----
Spellcasting   | 5 |  5.8
Invocations    | 1 2 3 |  3.1
Short Blades   | 1 2 |  2.8
Axes           | 1 2 |  2.8
Maces & Flails | 1 2 |  2.8
Polearms       | 1 2 |  2.8
Staves         | 1 2 |  2.8
Slings         | 1 2 |  2.8
Bows           | 1 2 |  2.8
Crossbows      | 1 2 |  2.8
Throwing       | 1 2 |  2.8
Stealth        | 1 2 |  2.8
Shields        | 1 2 |  2.8
Unarmed Combat | 1 2 |  2.8
Evocations     | 1 2 |  2.8
Conjurations   | 1 2 |  2.3
Hexes          | 1 2 |  2.3
Summonings     | 1 2 |  2.3
Necromancy     | 1 2 |  2.3
Translocations | 1 2 |  2.3
Transmutations | 1 2 |  2.3
Fire Magic     | 1 2 |  2.3
Ice Magic      | 1 2 |  2.3
Air Magic      | 1 2 |  2.3
Earth Magic    | 1 2 |  2.3
Poison Magic   | 1 2 |  2.3
Armour         | 3 |  3.9
Fighting       | 5 |  5.4
Long Blades    | 5 |  5.4
Dodging        | 5 |  5.4
Charms         | 6 |  6.0

Action                   |  1- 3 |  4- 6 |  7- 9 || total
-------------------------+-------+-------+-------++-------
Melee: Falchion          |   177 |    39 |       ||   216
       Bite              |    27 |    15 |     3 ||    45
       Whip              |       |    99 |    45 ||   144
       Punch             |       |     1 |     1 ||     2
       Dagger            |       |     9 |     2 ||    11
       Mace              |       |       |     1 ||     1
Throw: Stone             |    10 |       |       ||    10
 Cast: Infusion          |     3 |       |     1 ||     4
       Spectral Weapon   |     1 |     2 |       ||     3
       Regeneration      |     1 |     1 |     1 ||     3
       Sticks to Snakes  |       |     1 |     3 ||     4
       Shroud of Golubri |       |       |     1 ||     1
  Use: Scroll            |     1 |     2 |       ||     3
       Potion            |       |       |     4 ||     4
 Stab: Sleeping          |     1 |       |       ||     1
       Distracted        |       |       |     1 ||     1
  Eat: Chunk             |     2 |     6 |       ||     8
       Ration            |       |     1 |       ||     1
Armor: Leather armour    |    37 |       |       ||    37
       Ring mail         |       |    40 |    56 ||    96
Dodge: Dodged            |   147 |   109 |    88 ||   344
       Rpst.: Falchion   |    30 |    12 |       ||    42

Table legend:
 A = Non-vault XP
 B = Vault XP
 C = Vault XP percentage of total XP
 D = Non-vault monster count
 E = Vault monster count
 F = Vault count percentage of total count
                 A         B        C        D         E       F
            +---------+---------+-------+---------+---------+-------
      Total |     832 |     443 |  34.7 |      84 |      13 |  13.4
            +---------+---------+-------+---------+---------+-------
        D:1 |      30 |       0 |   0.0 |      22 |       0 |   0.0
        D:2 |      37 |       0 |   0.0 |      10 |       0 |   0.0
        D:3 |      67 |       4 |   5.6 |      22 |       2 |   8.3
        D:4 |     288 |       0 |   0.0 |      21 |       0 |   0.0
        D:5 |     410 |     439 |  51.7 |       9 |      11 |  55.0
            +---------+---------+-------+---------+---------+-------
